 Dungeon Crawl Stone Soup version 0.25-a0-1007-g10a8c3caa8 (webtiles) character file.

Game seed: 17051836130548059919, levelgen mode: deterministic

330 Flugslaktarn the Chopper (level 6, 6/57 HPs)
             Began as a Deep Dwarf Fighter on May 11, 2020.
             Starved to death
             ... on level 4 of the Dungeon.
             The game lasted 00:00:51 (539 turns).

Flugslaktarn the Chopper (Deep Dwarf Fighter)        Turns: 539, Time: 00:00:51

Health: 6/57       AC:  7    Str: 19    XL:     6   Next: 26%
Magic:  2/2        EV:  7    Int:  9    God:
Gold:   31         SH: 10    Dex: 14    Spells: 5/5 levels left

rFire    . . .     SeeInvis .   a - +0 war axe
rCold    . . .     Gourm    .   c - +0 kite shield
rNeg     . . .     Faith    .   b - +0 scale mail
rPois    .         Spirit   .   (no helmet)
rElec    .         Reflect  .   (no cloak)
rCorr    .         Harm     .   (no gloves)
MR       .....                  (no boots)
Stlth    ..........             (no amulet)
HPRegen  0.00/turn              (no ring)
MPRegen  0.08/turn              (no ring)

@: mighty, fainting, non-regenerating
A: damage resistance, heal wounds, sense surroundings 1, no regeneration
a: Heal Wounds


You were on level 4 of the Dungeon.
You were fainting.

You visited 1 branch of the dungeon, and saw 4 of its levels.

You collected 31 gold pieces.

Inventory:

Hand Weapons
 a - a +0 war axe (weapon)
 i - a +1 dagger of distortion
   (You took it off a goblin on level 3 of the Dungeon)
Armour
 b - a +0 scale mail (worn)
 c - a +0 kite shield (worn)
Potions
 g - a potion of lignification {unknown}
 h - a potion of heal wounds {unknown}


   Skills:
 + Level 3.7 Fighting
 * Level 4.9 Axes
 + Level 4.5 Armour
 + Level 4.5 Shields


You had 5 spell levels left.
You didn't know any spells.
Your spell library was empty.

Dungeon Overview and Level Annotations

Branches:
Dungeon (4/15)
 Temple: D:4-7

Altars:


Innate Abilities, Weirdness & Mutations

You are resistant to damage.
You can heal yourself by infusing magical energy.
You passively map a small area around you.
You do not regenerate.


Message History

Beogh smites you!
* * * LOW HITPOINT WARNING * * *
The orc hits you but does no damage.
The orc wizard hits you but does no damage.
The orc priest hits you with a +0 short sword.
You block the orc's attack.
The orc priest hits you with a +0 morningstar.
* * * LOW HITPOINT WARNING * * *
You feel very mighty all of a sudden. You block the orc wizard's attack.
The orc hits you but does no damage.
The orc priest hits you but does no damage.
The orc wizard hits you but does no damage.
The orc hits you but does no damage. The orc priest barely misses you.
You slash the orc priest!
You kill the orc priest!
You closely miss the orc priest. You closely miss the orc wizard.
You closely miss the orc. You slash the orc!
You kill the orc!
You have starved to death.
You die...

######.<#.####### * *
### #......# , ..
#....#.# * *#.##
#....#.# #(.#
###...[#)#
#.###.#....#.#
#######..##.#....#.#
......))...<#....#.#
......o@.......>.#.#
......oo.......#.# *
*########.#.###.#.#,*
,.........#.#,
#.##.#.#####.# * * *
* * # #...# .# +
##..# .# * * #..# .#
*


You could see an orc priest, an orc wizard (fast) and an orc.

Vanquished Creatures
  A hungry ghost (D:4)
  2 jellies (D:2)
  An orc priest (D:4)
  4 gnolls (D:3)
  9 oozes
  A worm (D:2)
  A dart slug (D:2)
  An orc (D:4)
  A ball python (D:1)
  4 goblins
  7 kobolds
  A quokka (D:2)
  2 bats (D:1)
  2 frilled lizards (D:3)
  A rat (D:2)
38 creatures vanquished.

Vanquished Creatures (others)
  A fungus (D:2)
  5 toadstools (D:2)
6 creatures vanquished.

Grand Total: 44 creatures vanquished

Notes
Turn   | Place    | Note
-------+----------+-------------------------------------------
     0 | D:1      | Flugslaktarn the Deep Dwarf Fighter began the quest for the
                  | Orb.
     0 | D:1      | Reached XP level 1. HP: 20/20 MP: 1/1
    96 | D:2      | Reached XP level 2. HP: 25/27 MP: 2/2
   139 | D:2      | Reached XP level 3. HP: 31/34 MP: 2/2
   147 | D:2      | Reached XP level 4. HP: 27/42 MP: 3/3
   409 | D:3      | Reached XP level 5. HP: 22/49 MP: 2/2
   481 | D:4      | Noticed a hungry ghost
   525 | D:4      | Killed a hungry ghost
   525 | D:4      | Reached XP level 6. HP: 30/56 MP: 2/2
   539 | D:4      | Starved to death

Illustrated notes

Levels and vault maps discovered:
D:1:      dpeg_arrival_pond, layout_basic, minmay_pentomino_w4
D:2:      cheibrodos_fertilizer, layout_basic, chequers_ecumenical_altar_island,
          first_ration, uniq_sigmund
D:3:      layout_basic, led_xom_imps, uniq_crazy_yiuf_cottage
D:4:      layout_basic, uniq_duvessa

Skill      XL: |  1  2  3  4 |
---------------+-------------+-----
Fighting       | 3 |  3.7
Axes           | 3 4 |  4.9
Shields        | 4 |  4.5
Armour         | 4 |  4.5

Action                   |  1- 3 |  4- 6 || total
-------------------------+-------+-------++-------
Melee: War axe           |    44 |   111 ||   155
 Abil: Heal Wounds       |     1 |     3 ||     4
  Use: Potion            |       |     1 ||     1
  Eat: Ration            |       |     3 ||     3
Armor: Scale mail        |    26 |    56 ||    82
Dodge: Dodged            |    19 |    31 ||    50
Block: Kite shield       |    25 |    63 ||    88

Table legend:
 A = Non-vault XP
 B = Vault XP
 C = Vault XP percentage of total XP
 D = Non-vault monster count
 E = Vault monster count
 F = Vault count percentage of total count
                 A         B        C        D         E       F
            +---------+---------+-------+---------+---------+-------
      Total |     326 |     146 |  30.9 |      23 |      15 |  39.5
            +---------+---------+-------+---------+---------+-------
        D:1 |       7 |       0 |   0.0 |       4 |       0 |   0.0
        D:2 |      17 |     146 |  89.6 |       7 |      15 |  68.2
        D:3 |      63 |       0 |   0.0 |       8 |       0 |   0.0
        D:4 |     239 |       0 |   0.0 |       4 |       0 |   0.0
            +---------+---------+-------+---------+---------+-------
